 Dungeon Crawl Stone Soup version 0.31-a0-152-g6aa68a64a1 (webtiles) character file.

Game seed: 16103296665820907202

23 qw the Shooter (level 3, 0/32 HPs)
             Began as a Naga Hunter on June 9, 2023.
             Slain by Sigmund
             ... wielding a +2 scythe of venom
              (11 damage)
             ... on level 2 of the Dungeon.
             The game lasted 00:00:18 (858 turns).

qw the Shooter (Naga Hunter)                         Turns: 858, Time: 00:00:19

Health: 0/32       AC:  2    Str: 13    XL:     3   Next: 0%
Magic:  3/3        EV:  9    Int:  9    God:
Gold:   47         SH:  0    Dex: 16    Spells: 2/2 levels left

rFire   . . .        Y - +0 shortbow
rCold   . . .        (shield currently unavailable)
rNeg    . . .        c - +0 leather armour
rPois   +            (no helmet)
rElec   .            (no cloak)
rCorr   .            (no gloves)
SInv    +            (no barding)
Will    .....        f - amulet of faith
Stlth   +            (no ring)
HPRegen 0.25/turn    (no ring)
MPRegen 0.08/turn

%: faith
@: confused, very slow
A: AC +1, large, see invisible, deformed body, poison resistance, slowness 2,
spit poison 1, naga tail 1
a: Spit Poison


You were on level 2 of the Dungeon.
You visited 1 branch of the dungeon, and saw 2 of its levels.

You collected 47 gold pieces.


Innate Abilities, Weirdness & Mutations

Your serpentine skin is tough. (AC +1)
You have supernaturally acute eyesight. (SInv)
Armour fits poorly on your strangely shaped body.
Your system is resistant to poisons. (rPois)
You cover ground very slowly.
You can spit poison.
You have a snake-like lower body.


   Skills:
 - Level 2.0 Fighting
 + Level 4.4 Ranged Weapons
 - Level 1.5 Dodging
 - Level 1.5 Stealth


You had 2 spell levels left.
You didn't know any spells.
Your spell library was empty.

Inventory:

Hand Weapons
 Y - a +0 shortbow (weapon)
Armour
 c - a +0 leather armour (worn)
Jewellery
 f - an amulet of faith (around neck)
Potions
 d - 2 potions of might
 e - a potion of enlightenment {unknown}

Dungeon Overview and Level Annotations

Branches:
Dungeon (2/15)

Altars:

Annotations:
D:2 Sigmund


Message History

(D) Dungeon
Where to? (* - list waypoints, Enter - D:2, ? - help)
What level of the Dungeon? (default 1, ? - help)
You climb downwards.
Level annotation: Sigmund
There is a stone staircase leading up here.
Found a stone.
Sigmund is nearby!
You shoot an arrow. The arrow closely misses Sigmund.
849 ||| INVOKING Spit Poison.
Aiming: Spit Poison (2% risk of failure)
Press: ? - help, Shift-Dir - straight line, f/p - Sigmund The splash of poison hits Sigmund.
Sigmund is poisoned.
Sigmund is lightly wounded.
You shoot an arrow. The arrow barely misses Sigmund.
Sigmund says, "Don't worry, I'll kill you fast."
You shoot an arrow. The arrow hits Sigmund.
Sigmund is moderately wounded.
You have got your breath back.
852 ||| INVOKING Spit Poison.
Aiming: Spit Poison (2% risk of failure)
Press: ? - help, Shift-Dir - straight line, f/p - Sigmund The splash of poison hits Sigmund.
Sigmund looks even sicker.
Sigmund is moderately wounded.
Sigmund hits you from afar with a +2 scythe of venom.
You shoot an arrow. The arrow closely misses Sigmund.
Sigmund hits you from afar with a +2 scythe of venom!
You shoot an arrow. The arrow barely misses Sigmund.
Sigmund hits you from afar with a +2 scythe of venom.
You shoot an arrow.
The arrow hits Sigmund but does no damage.
Sigmund is heavily wounded.
You shoot an arrow. The arrow hits Sigmund!
Sigmund is severely wounded.
Sigmund hits you from afar with a +2 scythe of venom!
You have got your breath back.
Sigmund gestures at you while chanting.
You are confused.
Sigmund hits you from afar with a +2 scythe of venom!
You die...

...##.....#....#
...............#
#.............
#........#..#
#...........#
#......%....#
#.....<.....#
#.......#...#
###..<....@.#
#...............
#.....@.##......
#..>....# ....(.
#.......# .....
#.......# .....
#.......$# ##..
#........# ..


You could see Sigmund (poisoned).

Vanquished Creatures
  2 endoplasms
  A giant cockroach (D:1)
  3 goblins (D:1)
  2 hobgoblins (D:1)
  4 jackals (D:1)
  2 kobolds (D:1)
  2 ball pythons
  2 bats (D:1)
  A frilled lizard (D:1)
  A rat (D:1)
20 creatures vanquished.

Notes
Turn   | Place    | Note
-------+----------+-------------------------------------------
     0 | D:1      | qw the Naga Hunter began the quest for the Orb.
     0 | D:1      | Reached XP level 1. HP: 19/19 MP: 1/1
     0 | D:1      | 0 ||| qw: Version: 0.2-a-122-gbc61b45
     0 | D:1      | 0 ||| qw: Game counter: 3264
     0 | D:1      | 0 ||| qw: Always use a shield: true
     0 | D:1      | 0 ||| qw: God list: Okawaru
     0 | D:1      | 0 ||| qw: Allow faded altars: false
     0 | D:1      | 0 ||| qw: Do Orc after D:15 true
     0 | D:1      | 0 ||| qw: Do second Lair branch before Depths: true
     0 | D:1      | 0 ||| qw: Lair rune preference: random
     0 | D:1      | 0 ||| qw: Plans: Normal
     0 | D:1      | 0 ||| PLANNING D:1-11
     6 | D:1      | Noticed a snapping turtle
     6 | D:1      | Noticed a swamp worm
     6 | D:1      | Noticed a scorpion
     7 | D:1      | Noticed a wolf
     7 | D:1      | Noticed a polar bear
   104 | D:1      | 104 ||| INVOKING Spit Poison.
   151 | D:1      | 151 ||| INVOKING Spit Poison.
   169 | D:1      | 169 ||| INVOKING Spit Poison.
   195 | D:1      | 195 ||| INVOKING Spit Poison.
   313 | D:1      | 313 ||| INVOKING Spit Poison.
   319 | D:1      | Reached skill level 4 in Ranged Weapons
   319 | D:1      | Reached XP level 2. HP: 26/26 MP: 2/2
   353 | D:1      | 353 ||| INVOKING Spit Poison.
   404 | D:1      | 404 ||| INVOKING Spit Poison.
   481 | D:1      | 481 ||| INVOKING Spit Poison.
   486 | D:1      | 486 ||| INVOKING Spit Poison.
   494 | D:1      | 494 ||| INVOKING Spit Poison.
   709 | D:1      | 709 ||| UPGRADING to amulet of faith.
   714 | D:1      | 714 ||| DROPPING ring of magical power.
   715 | D:1      | 715 ||| READING scroll labelled QIETSO XORA.
   718 | D:1      | 718 ||| READING scroll labelled KOACZA GEXEGO.
   719 | D:1      | 719 ||| READING scroll labelled HEODGH AXZYF.
   720 | D:1      | 720 ||| DRINKING 3 fizzy dark potions.
   721 | D:1      | 721 ||| DROPPING scroll of butterflies.
   729 | D:2      | Noticed Sigmund
   733 | D:2      | 733 ||| INVOKING Spit Poison.
   737 | D:2      | 737 ||| STAIRDANCE
   750 | D:2      | 750 ||| INVOKING Spit Poison.
   751 | D:2      | Reached XP level 3. HP: 32/32 MP: 3/3
   752 | D:2      | 752 ||| STAIRDANCE
   849 | D:2      | 849 ||| INVOKING Spit Poison.
   852 | D:2      | 852 ||| INVOKING Spit Poison.
   858 | D:2      | Slain by Sigmund

Levels and vault maps discovered:
D:1:      onia_arrival_zoo_common, layout_basic, corner_web_ring
D:2:      minmay_chambers_of_twos, layout_basic, kennysheep_generic_room_13,
          uniq_sigmund

Skill      XL: |  1 |
---------------+----+-----
Ranged Weapons | 4 |  4.4
Fighting       | |  2.0
Dodging        | |  1.5
Stealth        | |  1.5

Action                     || total
---------------------------++-------
   Fire: Shortbow          ||    38
Ability: Spit Poison       ||    14
    Use: Scroll            ||     3
         Potion            ||     1
 Armour: Leather armour    ||     2
  Dodge: Dodged            ||     8

Table legend:
 A = Non-vault XP
 B = Vault XP
 C = Vault XP percentage of total XP
 D = Non-vault monster count
 E = Vault monster count
 F = Vault count percentage of total count
                 A         B        C        D         E       F
            +---------+---------+-------+---------+---------+-------
      Total |      34 |       0 |   0.0 |      20 |       0 |   0.0
            +---------+---------+-------+---------+---------+-------
        D:1 |      30 |       0 |   0.0 |      18 |       0 |   0.0
        D:2 |       4 |       0 |   0.0 |       2 |       0 |   0.0
            +---------+---------+-------+---------+---------+-------
